 Dungeon Crawl Stone Soup version 0.21.1-1-g345015f (webtiles) character file.

351 HammerPanzer the Cudgeler (level 6, -18/56 HPs)
             Began as a Draconian Berserker on Apr 4, 2018.
             Was a Priest of Trog.
             Demolished by a two-headed ogre
             ... wielding a +0 giant club
              (26 damage)
             ... on level 4 of the Dungeon.
             The game lasted 00:08:23 (2995 turns).

HammerPanzer the Cudgeler (Draconian Berserker)     Turns: 2995, Time: 00:08:24

Health: -18/56     AC:  6    Str: 22    XL:     6   Next: 34%
Magic:  5/5        EV: 12    Int:  7    God:    Trog [***...]
Gold:   106        SH:  0    Dex: 10    Spells: 5/5 levels left

rFire    . . .     SeeInvis .   k - +0 flail
rCold    . . .     Gourm    .   (no shield)
rNeg     . . .     Faith    .   (armour unavailable)
rPois    .         Spirit   .   (helmet restricted)
rElec    .         Reflect  .   (no cloak)
rCorr    .         Harm     .   (no gloves)
MR       .....                  (no boots)
Stlth    +.........             (no amulet)
HPRegen  0.18/turn              (no ring)
MPRegen  0.09/turn              (no ring)

@: about to teleport, berserk cooldown, slowed, drained, very slow
A: unfitting armour, low mp 1, cold-blooded, AC +6
a: Berserk, Trog's Hand, Burn Spellbooks, Renounce Religion


You were on level 4 of the Dungeon.
You worshipped Trog.
Trog was most pleased with you.
You were hungry.

You visited 1 branch of the dungeon, and saw 4 of its levels.

You collected 106 gold pieces.

Inventory:

Hand Weapons
 k - a +0 flail (weapon)
Wands
 i - a wand of flame (18)
 s - a wand of acid (11)
Scrolls
 a - a scroll of fog {unknown}
 c - a scroll of enchant weapon
 d - a scroll of identify
 h - a scroll of teleportation
Potions
 e - a potion of invisibility
 j - a potion of berserk rage
 o - a potion of flight
 p - a potion of cancellation
 q - a potion of heal wounds {unknown}
 t - a potion of mutation {unknown}
 u - a potion of lignification {unknown}
Books
 g - a book of Conjurations

   Spells                             Type                      Level
   a - Magic Dart                     Conjuration                  1
   b - Searing Ray                    Conjuration                  2
   c - Dazzling Spray                 Conjuration/Hexes            3
   d - Fulminant Prism                Conjuration/Hexes            4
   e - Force Lance                    Conjuration/Translocation    4
   f - Iskenderun's Mystic Blast      Conjuration                  4
   Trog disapproves of the use of such an item.
 r - a book of Maledictions

   Spells                             Type                      Level
   a - Corona                         Hexes                        1
   b - Ensorcelled Hibernation        Hexes/Ice                    2
   c - Confuse                        Hexes                        3
   d - Tukima's Dance                 Hexes                        3
   e - Dazzling Spray                 Conjuration/Hexes            3
   Trog disapproves of the use of such an item.
Comestibles
 b - 8 rations


   Skills:
 + Level 5.2(5.1) Fighting
 * Level 6.1(6.0) Maces & Flails
 - Level 2.6(2.5) Dodging


You had 5 spell levels left.
You didn't know any spells.

Dungeon Overview and Level Annotations

Branches:
Dungeon (4/15)
 Temple: D:4-7

Altars:


Innate Abilities, Weirdness & Mutations

Your plain brown scales are hard. (AC +6)
You cannot fit into any form of body armour.
You are cold-blooded and may be slowed by cold attacks.
Your magical capacity is low. (-10% MP)


Message History

The phantom hits you.
You miss the phantom.
The phantom is moderately damaged.
The phantom misses you. The phantom barely misses you.
The two-headed ogre misses you.
The two-headed ogre hits you with a giant club!
You hit the phantom.
The phantom is moderately damaged.
The phantom barely misses you.
The two-headed ogre hits you with a giant club.
The two-headed ogre hits you with a giant club!
* * * LOW HITPOINT WARNING * * *
The phantom misses you.
As you read the scroll of teleportation, it crumbles to dust.
You feel strangely unstable.
The two-headed ogre closely misses you. x2
The phantom closely misses you.
Unknown command.
Unknown command.
The two-headed ogre hits you with a giant club!!
You die...

....#####.....##
.#.#...........#
.#.............######..
...(...................
.###.#####.....######..
.# #+# #.....# .#
##'##.# .#
###.##.###########
'.......O@W))......
####.########.####. ..
.# #. .. # .. .. .


You could see a two-headed ogre and a phantom.

Vanquished Creatures
  3 orc priests (D:4)
  A hound (D:4)
  Ijyb (D:3)
  Natasha (twice) (D:3)
  An orc wizard (D:4)
  3 adders
  2 oozes
  4 worms
  A dart slug (D:2)
  A leopard gecko (D:3)
  4 orcs
  5 giant cockroaches
  7 goblins
  8 hobgoblins
  6 jackals (D:2)
  2 quokkas
  7 bats
  2 frilled lizards (D:3)
  14 kobolds
  9 rats
83 creatures vanquished.

Notes
Turn   | Place    | Note
-------+----------+-------------------------------------------
     0 | D:1      | HammerPanzer the Draconian Berserker began the quest for the Orb.
     0 | D:1      | Reached XP level 1. HP: 19/19 MP: 1/1
   413 | D:1      | Reached XP level 2. HP: 26/26 MP: 2/2
  1143 | D:2      | Reached XP level 3. HP: 29/33 MP: 3/3
  1158 | D:2      | Reached ** piety under Trog
  1219 | D:2      | Reached skill level 4 in Maces & Flails
  1417 | D:2      | Reached XP level 4. HP: 22/40 MP: 4/4
  1809 | D:2      | Gained mutation: Your magical capacity is low. (-10% MP) [mutagenic glow]
  2047 | D:3      | Noticed Natasha
  2053 | D:3      | Killed Natasha
  2100 | D:3      | Noticed Ijyb
  2114 | D:3      | Killed Ijyb
  2114 | D:3      | Reached skill level 5 in Maces & Flails
  2114 | D:3      | Reached XP level 5. HP: 47/47 MP: 4/4
  2216 | D:3      | Noticed Natasha
  2228 | D:3      | Killed Natasha
  2453 | D:3      | Reached *** piety under Trog
  2710 | D:4      | Reached skill level 5 in Fighting
  2949 | D:4      | Reached XP level 6. HP: 55/56 MP: 5/5
  2973 | D:4      | Reached skill level 6 in Maces & Flails
  2988 | D:4      | Noticed a two-headed ogre
  2995 | D:4      | Demolished by a two-headed ogre

Skill      XL: |  1  2  3  4  5  6 |
---------------+-------------------+-----
Maces & Flails | 4 5 6 |  6.1
Fighting       | 4 5 |  5.2
Dodging        | |  2.6

Action                   |  1- 3 |  4- 6 || total
-------------------------+-------+-------++-------
Melee: Mace              |   129 |   108 ||   237
       Tailslap          |    12 |    13 ||    25
       Flail             |       |    20 ||    20
Invok: Berserk           |     2 |     4 ||     6
  Use: Scroll            |       |    13 ||    13
 Stab: Sleeping          |     1 |     2 ||     3
  Eat: Chunk             |     4 |     8 ||    12
Armor: Skin              |    37 |    34 ||    71
Dodge: Dodged            |   103 |    74 ||   177
